 Dungeon Crawl Stone Soup version 0.29.1-2-gbd0b4ee654 (webtiles) character file.

Game seed: 6279589789771247588

1031 Ackmard the Magician (level 8, 0/50 HPs)
             Began as a Djinni Air Elementalist on Nov 11, 2022.
             Shot with an arrow by a centaur (6 damage)
             ... on level 5 of the Dungeon.
             The game lasted 00:28:43 (7164 turns).

Ackmard the Magician (Djinni Air Elementalist)      Turns: 7164, Time: 00:28:43

Health: 0/50       AC:  4    Str:  7    XL:     8   Next: 47%
Gold:   293        EV: 13    Int: 24    God:
                   SH:  0    Dex: 15

rFire   + + .      SeeInvis +   t - +3 sling of Neuz Ped {vorpal, Int+6 SInv}
rCold   x . .      Faith    .   (no shield)
rNeg    . . .      Spirit   .   a - +0 robe
rPois   ∞          Reflect  .   i - +1 hat
rElec   .          Harm     .   (no cloak)
rCorr   .          Rampage  .   r - +0 pair of gloves
Will    .....                   (boots unavailable)
Stlth   ++........              (no amulet)
HPRegen 0.16/turn               (no ring)
MPRegen 0.00/turn               (no ring)

@: flying
A: sickness immunity, fire resistance 2, cold vulnerability 1, float, innate
caster, HP casting, extra vitality 1
a: no special abilities


You were on level 5 of the Dungeon.
You visited 1 branch of the dungeon, and saw 5 of its levels.

You collected 293 gold pieces.

Inventory:

Hand Weapons
 b - a +2 demon whip of venom
 t - the +3 sling of Neuz Ped (weapon) {vorpal, Int+6 SInv}
   (You found it on level 4 of the Dungeon)

   Any ammunition fired from it inflicts extra damage upon your enemies.
   Int:       It affects your intelligence (+6).
   SInv:      It lets you see invisible.
Armour
 a - a +0 robe (worn)
 i - a +1 hat (worn)
 r - a +0 pair of gloves (worn)
Scrolls
 d - a scroll of summoning {unknown}
 f - a scroll of enchant weapon {unknown}
 h - 2 scrolls of teleportation
 n - a scroll of silence {unknown}
 o - 2 scrolls of fear {unknown}
 s - a scroll of enchant armour {unknown}
Potions
 g - 2 potions of mutation
 j - a potion of resistance {unknown}
 l - 2 potions of flight
 m - a potion of attraction {unknown}
 p - a potion of cancellation {unknown}
 q - a potion of heal wounds {unknown}


   Skills:
 + Level 0.1 Ranged Weapons
 * Level 3.4 Dodging
 * Level 2.6 Stealth
 * Level 7.1 Spellcasting


You had 6 spell levels left.
You knew the following spells:

 Your Spells              Type           Power      Damage    Failure   Level
a - Shock                 Conj/Air       100%       1d9       1%          1
b - Static Discharge      Conj/Air       42%        3-9/arc   1%          2
c - Swiftness             Air            42%        N/A       1%          3
d - Airstrike             Air            21%        2d(3-19)  3%          4
e - Apportation           Tloc           84%        N/A       1%          1
f - Passwall              Tmut/Erth      35%        N/A       1%          2
g - Poisonous Vapours     Pois/Air       84%        N/A       1%          2
Your spell library was empty.

Dungeon Overview and Level Annotations

Branches:
Dungeon (5/15)
 Temple: D:4-7

Altars:
Ashenzari
Cheibriados
Hepliaklqana
Xom


Innate Abilities, Weirdness & Mutations

You are immune to sickness and miasma.
You are immune to poison.
Your flesh is very heat resistant. (rF++)
You are vulnerable to cold. (rC-)
You float through the air rather than walking.
You learn spells naturally, not from books.
Your magical power is your life essence.
You have superior vitality. (+4 MHP)


Message History

a +0 club; a +0 robe
o - 2 scrolls labelled KYASKA LOATT (gained 1)
You start resting.
A gnoll is nearby!
The air twists around and strikes the gnoll!
You kill the gnoll!
A centaur is nearby!
The air twists around and strikes the centaur!
The centaur is moderately wounded.
The centaur shoots an arrow.
The arrow hits you! The arrow burns you.
You hear a shout!
The air twists around and strikes the centaur!
The centaur is almost dead.
A centaur comes into view.
The centaur shoots an arrow.
The arrow hits you.
The centaur wields a +0 shortbow.
The centaur shoots an arrow.
The arrow hits you but does no damage.
The centaur shoots an arrow.
The arrow misses you.
Casting: Airstrike (dangerous; 4% risk of failure)
Confirm with . or Enter, or press ? or * to list all spells.
Aiming: Airstrike (dangerous; 4% risk of failure)
Press: ? - help, Dir - move target, f/p - centaur
Aim: a centaur, wielding a +2 shortbow of flaming (almost dead, empty space bonus: 4/8)
The air twists around and strikes the centaur.
You kill the centaur!
The centaur shoots an arrow.
The arrow hits you!
* * * LOW HITPOINT WARNING * * *
Your Spellcasting skill increases to level 7!
Casting: Airstrike (dangerous; 3% risk of failure)
Confirm with . or Enter, or press ? or * to list all spells.
Aiming: Airstrike (dangerous; 3% risk of failure)
Press: ? - help, Dir - move target, f - centaur
Aim: a centaur, wielding a +0 shortbow (empty space bonus: 1/8)
The air twists around and strikes the centaur!
The centaur is moderately wounded.
* * * LOW HITPOINT WARNING * * *
The centaur shoots an arrow.
The arrow hits you.
* * * LOW HITPOINT WARNING * * *
The centaur shoots an arrow.
The arrow hits you.
You die...

## # ) . ...
##...#..# ..####
###.#.#.#. .....
.c.....) #..#
#.#.#.# #..#
#....# ##..)
##.#.# #....
##....### #....
#.....@.# #.#.#
##....#.#
####.... ##.#)#.#
#....... ###.#.#
#..##... #.#.#
#..##### #.#.#
#..# #
#.#.########.÷#
#.#..))....)..#
##########.......


You could see a centaur.

Vanquished Creatures
  An ogre (D:5)
  A centaur (D:5)
  A kobold brigand (D:4)
  3 phantoms
  A necrophage (D:5)
  2 scorpions
  An orc priest (D:4)
  A hound (D:3)
  A gnoll bouda (D:5)
  An iguana (D:5)
  An orc wizard (D:4)
  6 adders
  5 gnolls (D:5)
  A river rat (D:3)
  5 worms
  3 dart slugs
  5 orcs
  8 bats
  15 endoplasms
  4 giant cockroaches
  11 goblins
  7 hobgoblins
  12 jackals
  3 quokkas
  12 ball pythons
  6 frilled lizards
  3 kobolds
  11 rats
131 creatures vanquished.

Vanquished Creatures (others)
  An orc wizard (D:4)
1 creature vanquished.

Grand Total: 132 creatures vanquished

Notes
Turn   | Place    | Note
-------+----------+-------------------------------------------
     0 | D:1      | Ackmard the Djinni Air Elementalist began the quest for the
                  | Orb.
     0 | D:1      | Ackmard set off with the following spells memorised: Shock,
                  | Static Discharge, Swiftness, Airstrike.
     0 | D:1      | Reached XP level 1. HP: 15/15 MP: 0/0
   389 | D:1      | Reached XP level 2. HP: 17/21 MP: 0/0
   653 | D:1      | Reached skill level 3 in Spellcasting
   811 | D:1      | Reached XP level 3. HP: 22/25 MP: 0/0
   811 | D:1      | Learned a level 1 spell: Apportation
  1858 | D:2      | Found a faded altar of an unknown god.
  2082 | D:2      | Reached XP level 4. HP: 30/31 MP: 0/0
  2186 | D:2      | Found a broken altar of Ashenzari.
  3521 | D:3      | Reached skill level 4 in Spellcasting
  3521 | D:3      | Reached XP level 5. HP: 24/35 MP: 0/0
  3521 | D:3      | Learned a level 2 spell: Passwall
  3776 | D:3      | Found a snail-covered altar of Cheibriados.
  4291 | D:3      | Found a hazy altar of Hepliaklqana.
  4292 | D:3      | Found a shimmering altar of Xom.
  4294 | D:3      | Noticed a spectral ugly thing
  4880 | D:4      | Reached XP level 6. HP: 38/40 MP: 0/0
  5003 | D:4      | Reached skill level 5 in Spellcasting
  5025 | D:4      | Identified the +1 ring mail of Peesm {-Cast rN+ Regen+}
  5356 | D:4      | Reached XP level 7. HP: 31/45 MP: 0/0
  5356 | D:4      | Learned a level 2 spell: Poisonous Vapours
  5691 | D:4      | Reached skill level 6 in Spellcasting
  5812 | D:4      | Identified the +3 sling of Neuz Ped {vorpal, Int+6 SInv}
  6070 | D:5      | Entered Level 5 of the Dungeon
  6600 | D:5      | Reached XP level 8. HP: 46/50 MP: 0/0
  7163 | D:5      | Reached skill level 7 in Spellcasting
  7164 | D:5      | Shot with an arrow by a centaur

Illustrated notes

Levels and vault maps discovered:
D:1:      dpeg_arrival_snail, layout_loops_ring, minivault_24
D:2:      minmay_skewed_foursquare, layout_basic,
          hellmonk_ecumenical_altar_blasted, basic_altar, serial_park_tiny_1
D:3:      layout_rooms, regret_index_temple_of_mockery, cheibriados_altar_1,
          portal_sewer_entry_a, minmay_fractal_squares_diagonal_5
D:4:      layout_rooms, minmay_checkerbox
D:5:      layout_loops_ring, minmay_temple_entry_arrows, nicolae_shop_self_help

Skill      XL: |  1  2  3  4  5  6  7  8 |
---------------+-------------------------+-----
Spellcasting   | 3 4 5 6 7 |  7.1
Stealth        | 2 |  2.6
Dodging        | 3 |  3.4
Ranged Weapons | |  0.1

Action                   |  1- 3 |  4- 6 |  7- 9 || total
-------------------------+-------+-------+-------++-------
 Fire: Sling             |       |       |     1 ||     1
 Cast: Shock             |    75 |   168 |    56 ||   299
       Apportation       |     2 |       |       ||     2
       Airstrike         |       |     3 |    27 ||    30
       Passwall          |       |     1 |       ||     1
  Use: Scroll            |       |       |     6 ||     6
       Potion            |       |       |     4 ||     4
Armor: Robe              |     3 |     9 |     4 ||    16
Dodge: Dodged            |    10 |    28 |    18 ||    56
